AoeStats
← SGTEAM

Coastal Forest

510618750Analyzed
4v4 RM · 1d ago on Oct 1, 2026· 54m 33s· 8 players
Game mode
Random Map
Map size
Large (8 player)
Population
200
Speed
Normal
Resources
Standard
Victory
Conquest
Starting age
Dark Age
Ending age
Imperial Age
RankedLock teamsTeams togetherTeam positionsShared explorationLock speedFull tech treeHidden civsTurbo modeCheats
Victory
Defeat
🇬🇧 Varangians · United Kingdom
1053
+14
977
+17
🇹🇷 Teutons · Türkiye
962
+17
🇹🇷 Franks · Türkiye
884
+20
🇨🇿 Bulgarians · Czechia
1062
-20
🇨🇿 Saxons · Czechia
1036
-19
🇨🇿 Portuguese · Czechia
968
-16
🇨🇿 Goths · Czechia
904
-13
Thats How We do action in Uganda
3:38 Loom
14:15 Feudal Age
14:55 Horse Collar
18:02 Castle Age
16:34 Double-Bit Axe
17:03 Gold Mining
17:09 Stone Mining
20:49 Fletching
20:59 Padded Archer Armor
21:47 Bow Saw
21:41 Heavy Plow
23:19 Crossbowman
25:48 Wheelbarrow
25:06 Town Watch
25:51 Ballistics
28:05 Bodkin Arrow
28:25 Leather Archer Armor
28:20 Thumb Ring
33:14 Imperial Age
34:02 Hand Cart
34:13 Arbalester
35:38 Bracer
37:51 Chemistry
38:38 Conscription
38:23 Murder Holes
38:41 Masonry
40:37 Elite Plumed Archer
41:22 Hul'che Javelineers
43:23 Stone Shaft Mining
44:42 Two-Man Saw
44:40 Architecture
43:50 Treadmill Crane
44:42 Ring Archer Armor
45:31 Caravan
49:05 Elite Skirmisher
49:50 Scale Mail Armor
50:01 Forging
50:24 Holcans
50:31 Hoardings
51:43 Eagle Warrior
52:25 Squires
52:38 Elite Eagle Warrior
53:06 Arson
53:40 Chain Mail Armor
54:01 Iron Casting
53:39 Fortified Wall
54:08 Pikeman
54:10 Man-at-Arms
55:25 Plate Mail Armor
Clandestine
11:38 Feudal Age
12:59 Double-Bit Axe
14:19 Loom
16:55 Castle Age
16:39 Horse Collar
17:22 Gold Mining
17:51 Forging
18:04 Bow Saw
20:17 Bloodlines
20:08 Husbandry
25:21 Town Watch
36:43 Heavy Plow
41:14 Imperial Age
39:20 Wheelbarrow
39:41 Iron Casting
39:59 Fortified Wall
42:59 Blast Furnace
42:20 Hand Cart
43:59 Conscription
43:02 Gothikon
44:31 Scale Barding Armor
46:04 Chain Barding Armor
47:21 Plate Barding Armor
48:21 Town Patrol
48:24 Padded Archer Armor
48:41 Elite Jarl
51:15 Leather Archer Armor
50:51 Fletching
52:28 Ring Archer Armor
54:20 Caravan
54:30 Bodkin Arrow
54:00 Vendel Legacy
DENVER
0:32 Loom
12:21 Feudal Age
12:48 Double-Bit Axe
13:39 Wheelbarrow
19:10 Castle Age
17:25 Stone Mining
17:44 Gold Mining
28:59 Hand Cart
33:50 Imperial Age
31:21 Scale Mail Armor
31:31 Forging
31:27 Scale Barding Armor
31:23 Padded Archer Armor
31:13 Fletching
31:36 Masonry
31:07 Treadmill Crane
31:40 Husbandry
32:27 Chain Mail Armor
32:04 Guard Tower
33:03 Ballistics
32:54 Fortified Wall
32:40 Murder Holes
33:31 Gold Shaft Mining
33:13 Bow Saw
34:07 Chain Barding Armor
34:23 Iron Casting
35:52 Chemistry
35:26 Leather Archer Armor
34:58 Cavalier
36:12 Bodkin Arrow
37:06 Plate Mail Armor
36:51 Town Watch
37:07 Heavy Scorpion
38:45 Plate Barding Armor
39:28 Blast Furnace
39:03 Architecture
38:26 Arrowslits
41:41 Siege Engineers
42:25 Conscription
43:30 Paladin
52:12 Chivalry
Badlies
0:34 Loom
10:52 Feudal Age
11:18 Double-Bit Axe
11:50 Horse Collar
14:33 Wheelbarrow
14:30 Bloodlines
17:58 Forging
19:40 Scale Barding Armor
19:42 Gold Mining
23:29 Castle Age
24:40 Bow Saw
25:08 Chain Barding Armor
25:23 Iron Casting
27:49 Stone Mining
38:37 Imperial Age
36:25 Hand Cart
36:30 Heavy Plow
38:55 Cavalier
40:50 Chemistry
41:08 Plate Barding Armor
41:51 Crop Rotation
42:31 Paladin
47:56 Blast Furnace
49:52 Ballistics
49:53 Bombard Tower
49:23 Arrowslits
49:48 Masonry
49:44 Siege Engineers
49:50 Fortified Wall
49:31 Guard Tower
49:31 Heated Shot
49:47 Siphons
50:14 Town Watch
51:44 Two-Man Saw
53:31 Onager
SGTEAM
12:30 Feudal Age
13:50 Wheelbarrow
12:57 Horse Collar
13:08 Double-Bit Axe
13:12 Fishing Lines
13:50 Loom
16:24 Gold Mining
19:20 Castle Age
20:21 Heavy Plow
20:54 Bow Saw
20:46 Fletching
20:57 Padded Archer Armor
23:03 Hand Cart
23:34 Town Watch
25:15 Thumb Ring
30:35 Imperial Age
28:30 Ballistics
29:22 Bodkin Arrow
32:31 Chemistry
31:36 Bracer
32:55 Leather Archer Armor
35:40 Ring Archer Armor
36:55 Town Patrol
38:04 Two-Man Saw
37:41 Crop Rotation
44:02 Elite Organ Gun
44:47 Circumnavigation
44:54 Arquebus
44:15 Elite Organ Gun
46:12 Murder Holes
B0T
12:13 Feudal Age
14:45 Wheelbarrow
13:55 Loom
16:15 Double-Bit Axe
17:05 Horse Collar
17:21 Stone Mining
17:22 Gold Mining
19:08 Fishing Lines
22:55 Castle Age
24:01 Hand Cart
24:49 Squires
24:11 Pikeman
28:04 Bow Saw
27:57 Heavy Plow
29:02 Stone Shaft Mining
31:56 Anarchy
37:18 Imperial Age
34:19 Man-at-Arms
36:42 Long Swordsman
39:05 Forging
38:56 Scale Mail Armor
39:21 Halberdier
39:22 Two-Handed Swordsman
41:57 Two-Man Saw
41:09 Caravan
41:39 Coinage
42:32 Elite Huskarl
47:19 Chemistry
46:40 Ballistics
47:42 Champion
55:30 Iron Casting
55:10 Chain Mail Armor
54:56 Padded Archer Armor
54:46 Fletching
55:02 Scale Barding Armor
cg
8:18 Loom
10:37 Feudal Age
11:04 Double-Bit Axe
11:02 Horse Collar
15:36 Castle Age
19:39 Padded Archer Armor
19:32 Fletching
20:21 Bodkin Arrow
20:26 Stone Mining
21:35 Gold Mining
24:11 Arson
24:34 Gambesons
25:10 Town Watch
27:24 Wheelbarrow
28:07 Squires
29:58 Hand Cart
30:39 Forging
30:29 Scale Mail Armor
32:24 Gold Shaft Mining
32:27 Stone Shaft Mining
32:05 Bow Saw
33:11 Padded Archer Armor
33:31 Chain Mail Armor
32:43 Elite Skirmisher
35:29 Leather Archer Armor
40:34 Imperial Age
40:27 Iron Casting
42:20 Pikeman
43:10 Bracer
44:12 Blast Furnace
43:46 Plate Mail Armor
47:31 Conscription
47:16 Heavy Plow
49:07 Bloodlines
48:59 Husbandry
Luke︻芫----
3:20 Loom
14:05 Feudal Age
15:20 Wheelbarrow
14:37 Double-Bit Axe
16:41 Gold Mining
16:43 Stone Mining
20:04 Castle Age
20:39 Pikeman
21:57 Hand Cart
23:27 Husbandry
23:54 Bow Saw
23:27 Horse Collar
24:24 Gold Shaft Mining
33:36 Imperial Age
35:21 Two-Man Saw
34:23 Heavy Plow
34:17 Halberdier
34:43 Gambesons
36:21 Elite Hearth Troop
37:22 Conscription
36:24 Clerical Recruitment
37:23 Elite Skirmisher
49:25 Padded Archer Armor
49:16 Fletching
49:36 Forging
49:26 Scale Mail Armor
49:32 Scale Barding Armor
Connection lost

Rejoining the realm…

Still unreachable

The connection could not be restored.

Session expired

The server has moved on; the page needs a fresh start.